 Dungeon Crawl Stone Soup version 0.18-a0-1211-g828307d (webtiles) character file.

71220 Lianjan the Impaler (level 15, -2/105 HPs)
             Began as a Formicid Fighter on Feb 1, 2016.
             Was the Champion of Okawaru.
             Slain by an orc warrior
             ... wielding a +2 halberd of protection
              (12 damage)
             ... on level 2 of the Orcish Mines on Feb 2, 2016.
             The game lasted 02:30:29 (25368 turns).

Lianjan the Impaler (Formicid Fighter)             Turns: 25368, Time: 02:30:29

Health: -2/105     AC: 22    Str: 28    XL:     15   Next: 81%
Magic:  21/21      EV: 12    Int:  7    God:    Okawaru [******]
Gold:   2172       SH:  0    Dex: 10    Spells: 0 memorised, 14 levels left

rFire  + . .     SeeInvis +     T - +2 glaive (vamp)
rCold  + . .     Gourm    +     N - +0 plate armour
rNeg   . . .     Faith    .     c - +1 shield
rPois  +         Spirit   .     (helmet unavailable)
rElec  +         Dismiss  .     n - +0 cloak
rCorr  +         Reflect  .     (no gloves)
SustAt .         Harm     .     Q - +0 pair of boots
MR     +....                    J - amulet of the gourmand
Stlth  ..........               z - +4 ring of evasion
                                r - +5 ring of protection

@: confused, resistant, somewhat resistant to hostile enchantments, extremely
unstealthy
A: permanent stasis, dig shafts and tunnels, four strong arms, antennae 3
a: Dig, Shaft Self, Heroism, Finesse, Renounce Religion


You were on level 2 of the Orcish Mines.
You worshipped Okawaru.
Okawaru was exalted by your worship.
You were not hungry.

You visited 4 branches of the dungeon, and saw 22 of its levels.
You also visited: Labyrinth and Sewer.

You collected 2172 gold pieces.

Inventory:

Hand Weapons
 o - a +2 glaive of venom
 T - a +2 vampiric glaive (weapon)
 Z - the +4 quarterstaff of Uncomfortable Rashes {flame, MR+}
   (Okawaru gifted it to you on level 8 of the Lair of Beasts)

   It has been specially enchanted to burn those struck by it, causing extra
   injury to most foes and up to half again as much damage against particularly
   susceptible opponents.
   It affects your resistance to hostile enchantments.
Armour
 c - a +1 shield (worn)
 e - a +2 ring mail of poison resistance
 n - a +0 cloak (worn)
 E - a +0 leather armour of poison resistance
 G - a +2 scale mail of cold resistance
 N - a +0 plate armour (worn)
 Q - a +0 pair of boots (worn)
Jewellery
 r - a +5 ring of protection (left hand)
 x - an uncursed ring of protection from fire {unknown}
 y - an uncursed ring of protection from cold {unknown}
 z - a +4 ring of evasion (right hand)
 J - an amulet of the gourmand (around neck)
Wands
 h - a wand of iceblast (7/15)
 l - a wand of confusion (31/48)
 q - a wand of disintegration (16/24)
 u - a wand of lightning (8/15)
 w - a wand of polymorph (9/24)
 C - a wand of slowing (18/48)
 I - a wand of digging (9/24)
Scrolls
 j - 2 scrolls of fear
 k - 8 scrolls of recharging
 m - 4 scrolls of identify
 s - 4 scrolls of fog
 t - 6 scrolls of magic mapping
 v - 8 scrolls of remove curse
Potions
 d - 2 potions of might
 g - 2 potions of resistance
 p - 6 potions of curing
 A - 3 potions of flight
 B - a potion of agility
 D - 3 potions of lignification
 F - 2 potions of cancellation
 V - 3 potions of ambrosia
Miscellaneous
 b - a plain deck of summoning {drawn: 2}
 U - a plain deck of wonders {drawn: 1}
 W - a piece from Xom's chessboard
 Y - a phantom mirror
Comestibles
 a - 2 chunks of flesh
 f - 12 bread rations
 M - 10 royal jellies


   Skills:
 * Level 5.6 Fighting
 - Level 20.0 Polearms
   Level 2.1 Slings
 - Level 10.1 Armour
 - Level 1.0 Stealth
 - Level 9.0 Shields
 - Level 9.0 Invocations
 + Level 8.2 Evocations


You had 14 spell levels left.
You didn't know any spells.

Dungeon Overview and Level Annotations

Branches:
Dungeon (11/15)            Temple (1/1) D:5            Lair (8/8) D:10
 Shoals (0/4) Lair:5       Spider (0/4) Lair:4        Slime (0/6) Lair:7
    Orc (2/2) D:9             Elf (0/3) Orc:2

Altars:
Ashenzari
Cheibriados
Dithmenos
Elyvilon
Fedhas
Gozag
Kikubaaqudgha
Makhleb
Nemelex Xobeh
Okawaru
Pakellas
Qazlal
Ru
Sif Muna
Trog
Vehumet
Xom
Yredelemnul
Zin
The Shining One

Annotations:
Lair:3 exclusion: oklob plant


Innate Abilities, Weirdness & Mutations

You are under a permanent stasis effect.
You can dig through walls and to a lower floor.
Your four strong arms can wield two-handed weapons with a shield.
You have a pair of large antennae on your head (SInv).


Message History

The orc warrior hits you but does no damage.
The orc priest calls upon Beogh to heal the orc warrior.
The orc warrior is healed somewhat.
Your raiju bites the orc warrior.
Your raiju shocks the orc warrior!
The orc warrior dies!
Okawaru accepts your kill.
Your basilisk bites the ogre!
The ogre dies!
Okawaru accepts your kill.
Drink which item? (? for menu, Esc to quit)
You are confused.
You feel invigorated.
Your ice beast barely misses the troll.
The orc warrior hits you with a glaive!
* * * LOW HITPOINT WARNING * * *
The orc wizard hits you but does no damage.
The orc warrior closely misses your basilisk.
The orc wizard closely misses you.
The orc priest miscasts a cantrip.
The orc warrior hits you from afar with a halberd of protection!
You die...

****,,..............####,,,,,
****,*,,........o.......#∆,,,,,*
**,,,,,,,.............{.#...,,***
*,,,,,,,,...........o...#...,,***
*,,,,*,,,.......3.o.........,***,
,,,,,,,,,........o.....{#...***,,
**,*,,,,,.......oo###....#.#**,*,
***,,,,,,......hlYo##o#^..##*,,,*
**,*,,,,,......o@Tooo......***,*,
*,,,,,,,,#.#...#ooo∩#.##...,***,,
**,,,,*,***#.....o...#.#,,,,,***,
*,,,,,,,,,#............o#,**,,***
**,,,,*,,..$..............***,,**
*,,,,,**..................***,,*
**,*,**,.,..........#..<..,***,,
*******,.................,,***,
*,,,#..............,,,***


You could see a sun demon, a troll, 2 orc sorcerers, 6 orc warriors, 3 orc
priests, 2 orc wizards, 4 orcs, a friendly raiju, a friendly basilisk and a
friendly ice beast.

Vanquished Creatures
  Kirke (Lair:4)
  A minotaur (Lab)
  9 hydras
  The ghost of sugabear the Nimble, a journeyman VSGl of Qazlal (Lair:5)
  17 death yaks
  Urug (D:9)
  An orc knight (Orc:1)
  Pikel (D:9)
  2 hill giants (D:10)
  An elephant (Lair:8)
  4 black mambas
  Maurice (D:8)
  24 spiny frogs
  A kobold demonologist (D:8)
  11 komodo dragons
  5 fire drakes
  A queen bee (Lair:1)
  3 trolls
  6 giant leeches (Lair:8)
  The ghost of sorlin the Cudgeler, an amateur DrGl of Ashenzari (D:3)
  2 jumping spiders (Lair:4)
  34 blink frogs
  A boulder beetle (D:8)
  6 redbacks (Lair:4)
  Sigmund (D:6)
  49 yaks
  3 hogs
  4 basilisks
  2 wyverns
  4 hippogriffs
  2 wargs (D:9)
  12 wolves
  4 hungry ghosts (Lab)
  9 vampire mosquitoes
  A mottled dragon (D:8)
  An insubstantial wisp (Lair:1)
  Duvessa (D:6)
  12 porcupines
  16 water moccasins
  A swamp drake (D:9)
  7 orc warriors
  2 sky beasts
  10 ogres
  A black bear (D:8)
  14 crocodiles
  6 centaurs
  A big kobold (D:8)
  Blork the orc (D:6)
  41 giant frogs
  Dowan (D:6)
  5 scorpions
  A water moccasin skeleton (D:5)
  25 killer bees (Lair:1)
  4 wights (D:9)
  5 electric eels
  4 crimson imps
  2 giant frog zombies
  5 hounds
  13 jellies
  3 giant frog skeletons
  4 orc priests
  A centaur skeleton (D:5)
  11 iguanas
  3 worker ants
  11 orc wizards
  Terence (D:3)
  29 sheep
  A worker ant zombie (D:6)
  Robin (D:1)
  11 gnolls
  18 adders
  32 river rats
  4 shadow imps
  16 oozes
  An adder zombie (D:6)
  3 worms
  A giant gecko (D:2)
  46 orcs
  2 bat zombies (D:4)
  13 giant cockroaches
  27 goblins
  9 hobgoblins
  6 jackals
  6 quokkas
  16 ball pythons
  13 bats
  A giant gecko skeleton (D:5)
  7 giant newts
  A jackal zombie (D:5)
  8 kobolds
  33 rats
  A fungus (Lair:4)
  2 plants
747 creatures vanquished.

Vanquished Creatures (collateral kills)
  An orc warrior (Orc:2)
  An ogre (Orc:2)
  A river rat (Lair:8)
3 creatures vanquished.

Vanquished Creatures (others)
  An ogre (D:9)
  A slave (D:9)
  A worker ant (D:9)
  A worker ant zombie (D:9)
  An adder (D:9)
  An orc (Orc:2)
  31 fungi
  38 plants
75 creatures vanquished.

Grand Total: 825 creatures vanquished

Notes
Turn   | Place    | Note
--------------------------------------------------------------
     0 | D:1      | Lianjan the Formicid Fighter began the quest for the Orb.
     0 | D:1      | Reached XP level 1. HP: 18/18 MP: 1/1
   129 | D:1      | Reached XP level 2. HP: 24/24 MP: 2/2
   310 | D:1      | Reached skill level 4 in Shields
   310 | D:1      | Reached XP level 3. HP: 29/29 MP: 3/3
   773 | D:2      | Noticed Robin
   780 | D:1      | Killed Robin
   780 | D:1      | Reached XP level 4. HP: 28/35 MP: 4/4
  1426 | D:2      | Reached XP level 5. HP: 38/41 MP: 5/5
  1487 | D:2      | Found a snail-covered altar of Cheibriados.
  1582 | D:2      | Found a sparkling altar of Nemelex Xobeh.
  2053 | D:2      | Found a bloodstained altar of Trog.
  2280 | D:3      | Noticed Terence
  2283 | D:3      | Reached skill level 5 in Shields
  2292 | D:3      | Killed Terence
  2411 | D:3      | Reached XP level 6. HP: 47/47 MP: 6/6
  2467 | D:3      | Found a glowing drain.
  2478 | D:3      | Reached skill level 5 in Polearms
  2493 | D:3      | Noticed sorlin's ghost (amateur DrGl)
  2507 | D:3      | Killed sorlin's ghost
  2507 | D:3      | Reached skill level 6 in Polearms
  2507 | D:3      | Reached XP level 7. HP: 4/52 MP: 7/7
  2822 | Sewer    | Entered a sewer
  4384 | Sewer    | Reached skill level 7 in Polearms
  4842 | D:3      | Reached XP level 8. HP: 55/58 MP: 8/8
  5264 | D:4      | Found an ancient bone altar of Kikubaaqudgha.
  5631 | D:5      | Entered Level 5 of the Dungeon
  5786 | D:5      | Found a shattered altar of Ashenzari.
  5858 | D:5      | Reached skill level 8 in Polearms
  5882 | D:5      | Found a staircase to the Ecumenical Temple.
  5912 | Temple   | Entered the Ecumenical Temple
  5932 | Temple   | Became a worshipper of Warmaster Okawaru
  6371 | D:5      | Found a sparkling altar of Nemelex Xobeh.
  6485 | D:6      | Noticed Sigmund
  6607 | D:6      | Killed Sigmund
  6607 | D:6      | Reached XP level 9. HP: 64/64 MP: 9/9
  6686 | D:6      | Reached skill level 9 in Polearms
  6930 | D:6      | Identified a scroll of acquirement
  7202 | D:6      | Noticed Duvessa
  7205 | D:6      | Noticed Dowan
  7210 | D:6      | Killed Duvessa
  7212 | D:6      | Killed Dowan
  7629 | D:6      | Noticed Blork the orc
  7634 | D:6      | Killed Blork the orc
  7634 | D:6      | Reached * piety under Okawaru
  7793 | D:6      | Reached skill level 10 in Polearms
  8119 | D:7      | Found a sacrificial altar of Ru.
  8185 | D:7      | Reached skill level 1 in Invocations
  8840 | D:8      | Noticed Maurice
  8856 | D:8      | Killed Maurice
  8856 | D:8      | Reached ** piety under Okawaru
  8856 | D:8      | Reached skill level 11 in Polearms
  8856 | D:8      | Reached XP level 10. HP: 67/70 MP: 12/12
  8905 | D:8      | You fall through a shaft for 3 floors!
  9037 | D:10     | Entered Level 10 of the Dungeon
  9069 | D:10     | Found a staircase to the Lair.
  9182 | D:8      | Found an oddly glowing altar of Pakellas.
  9316 | D:8      | Reached skill level 1 in Stealth
  9372 | D:8      | Noticed a kobold demonologist
  9377 | D:8      | Killed a kobold demonologist
  9377 | D:8      | Reached *** piety under Okawaru
  9377 | D:8      | Reached skill level 12 in Polearms
  9377 | D:8      | Reached skill level 5 in Armour
  9793 | D:9      | Noticed Pikel
  9816 | D:9      | Killed Pikel
  9817 | D:9      | Reached XP level 11. HP: 70/75 MP: 13/13
  9905 | D:9      | Reached **** piety under Okawaru
  9967 | D:9      | Found a staircase to the Orcish Mines.
 10016 | D:9      | Reached skill level 13 in Polearms
 10137 | D:9      | Found a shimmering altar of Xom.
 10364 | D:10     | Noticed a hill giant
 10373 | D:10     | Killed a hill giant
 11080 | D:10     | Noticed a hill giant
 11088 | D:10     | Killed a hill giant
 11088 | D:10     | Reached skill level 14 in Polearms
 11250 | Lair:1   | Entered Level 1 of the Lair of Beasts
 11710 | Lair:1   | Reached XP level 12. HP: 63/81 MP: 14/14
 12059 | Lair:1   | Reached ***** piety under Okawaru
 12059 | Lair:1   | Reached skill level 15 in Polearms
 12111 | Lair:1   | Received a gift from Okawaru
 12583 | Lair:1   | Reached skill level 5 in Invocations
 13640 | Lair:2   | Received a gift from Okawaru
 14050 | Lair:2   | Reached skill level 16 in Polearms
 14231 | Lair:2   | Reached XP level 13. HP: 77/86 MP: 17/17
 15442 | Lair:3   | Noticed an eight-headed hydra
 15458 | Lair:3   | Killed an 11-headed hydra
 15851 | Lair:3   | Reached skill level 17 in Polearms
 16100 | Lair:4   | Noticed a four-headed hydra
 16363 | Lair:4   | Killed a four-headed hydra
 16809 | Lair:4   | Found a hole to the Spider Nest.
 17350 | Lair:5   | Received a gift from Okawaru
 17596 | Lair:5   | Found a staircase to the Shoals.
 17752 | Lair:5   | Noticed an eight-headed hydra
 17758 | Lair:5   | Noticed sugabear's ghost (journeyman VSGl)
 17776 | Lair:4   | Killed an eight-headed hydra
 17927 | Lair:5   | Killed sugabear's ghost
 17946 | Lair:5   | Noticed Kirke
 17957 | Lair:5   | Reached XP level 14. HP: 81/93 MP: 17/20
 18195 | Lair:4   | Reached skill level 10 in Armour
 18215 | Lair:4   | Killed Kirke
 18249 | Lair:5   | Reached skill level 18 in Polearms
 18382 | Lair:5   | Reached skill level 1 in Slings
 18990 | Lair:6   | Upgraded the game from 0.18-a0-1206-g2bec475 to 0.18-a0-1211-g828307d
 19253 | Lair:3   | Reached skill level 1 in Evocations
 19929 | Lair:7   | Received a gift from Okawaru
 20450 | Lair:7   | Received a gift from Okawaru
 20548 | Lair:7   | Found a staircase to the Slime Pits.
 20764 | Lair:7   | Received a gift from Okawaru
 21154 | Lair:8   | Entered Level 8 of the Lair of Beasts
 21374 | Lair:8   | Reached skill level 19 in Polearms
 21501 | Lair:8   | Received a gift from Okawaru
 21502 | Lair:8   | Got a polished quarterstaff {god gift}
 21536 | Lair:8   | Reached skill level 5 in Evocations
 21725 | Lair:7   | Identified the +4 quarterstaff of Uncomfortable Rashes {flame, MR+} (Okawaru gifted it to you on level 8 of the Lair of Beasts)
 21812 | Lair:8   | Reached XP level 15. HP: 79/98 MP: 21/21
 22316 | Lair:8   | Reached ****** piety under Okawaru
 22725 | Lair:8   | Received a gift from Okawaru
 23577 | Lair:8   | Reached skill level 20 in Polearms
 24425 | Orc:1    | Entered Level 1 of the Orcish Mines
 24429 | Orc:1    | Noticed Urug
 24502 | D:9      | Killed Urug
 24502 | D:9      | Reached skill level 5 in Fighting
 24924 | Orc:2    | Entered Level 2 of the Orcish Mines
 24933 | Orc:2    | Found a labyrinth entrance.
 24941 | Lab      | Entered a labyrinth
 25362 | Orc:2    | XOM: swap monsters
 25368 | Orc:2    | Slain by an orc warrior

Vault maps used:
D:1:      dpeg_arrival_rhombus, minmay_misc_feat_plants
D:2:      minmay_door_path, marbit_many_paths, lemuel_crystal_altar,
          fountainhead, nemelex_deck, uniq_robin
D:3:      portal_sewer_entry_a, serial_park_tiny_2, uniq_terence
D:4:      lemuel_zombie_altar_kikubaaqudgha, first_bread
D:5:      kennysheep_mini_moat, overflow_temple_1_default,
          minmay_temple_entry_statues_fountains
D:6:      minmay_joined_circles, uniq_duvessa, uniq_sigmund, uniq_blork_the_orc
D:7:      old_forge, old_standard_altar, grunt_ogre_cave
D:8:      johnstein_pakellas_death_squad, grunt_decor_one_mirror,
          minmay_three_doors, uniq_maurice
D:9:      nicolae_overflow_hidden_temple, erik_orc_1, uniq_pikel
D:10:     minmay_lair_entry_lava
D:11:     serial_shops, shop, minmay_statues_item, uniq_grum, uniq_nergalle
Temple:   eino_temple_water_12
Lair:1:   pond, serial_bayou_shore_a
Lair:2:   beast_lair_carwin_11
Lair:3:   lemuel_slime, grunt_megastairs_2, infiniplex_staircase_pool_2
Lair:4:   nicolae_spider_entry_tight_spaces
Lair:5:   minmay_shoals_entry_centaurs, grunt_megastairs_4, uniq_kirke
Lair:7:   nicolae_slime_entry_slimehenge
Lair:8:   minmay_lair_end_frog_pond, serial_bayou_shore_b
Orc:1:    uniq_urug
Orc:2:    pf_orc_diabolical, lab_entry_generic, serial_shops, shop
Lab:      labyrinth_mini_lab, labyrinth_skeletal_remains, lab_fountain,
          nicolae_lab_checkerboard, nicolae_lab_plus, lab_hedge,
          labyrinth_fake_exit, nicolae_lab_arrow, nicolae_lab_big_swirl,
          nicolae_lab_lava, lab_block
Sewer:    sewer_minmay_w

Action                   |  1- 3 |  4- 6 |  7- 9 | 10-12 | 13-15 || total
-------------------------+-------+-------+-------+-------+-------++-------
Melee: Trident           |    68 |       |       |       |       ||    68
       Halberd           |    42 |   244 |   413 |       |       ||   699
       Glaive            |       |       |   139 |   688 |  1570 ||  2397
       Short sword       |       |       |       |       |    83 ||    83
       Quarterstaff      |       |       |       |       |     9 ||     9
       Spear             |       |       |       |       |     2 ||     2
Invok: Heroism           |       |       |       |     8 |    13 ||    21
       Finesse           |       |       |       |       |     6 ||     6
 Abil: Dig               |       |       |       |       |    13 ||    13
Evoke: Wand              |       |       |       |     1 |     8 ||     9
       Deck              |       |       |       |       |     3 ||     3
       Piece from Xom's  |       |       |       |       |     1 ||     1
  Use: Scroll            |       |     3 |    12 |     8 |    10 ||    33
       Potion            |       |     2 |     4 |     1 |    12 ||    19
  Eat: Chunk             |       |     6 |    21 |    19 |    78 ||   124
